Map: Shrines of Lizul

Players

Puchunguita

  • Race: Terran Terran
  • League: Diamond
  • Spawn Location: 9:00

Schrodinger

  • Race: Terran Terran
  • Spawn Location: 6:00

OpuS - Winner!

  • Race: Protoss Protoss
  • League: Platinum
  • Spawn Location: 3:00

Sketchaphone - Winner!

  • Race: Zerg Zerg
  • League: Platinum
  • Spawn Location: 12:00

VOD

Have the link to the VOD?

Description

Time

  • Played on: Feb. 12, 2019, 7:30 p.m.
  • Length: 10:20
Show
View Real Time Build Order
Export as new Build Order

Puchunguita Terran 

Build Orders:  

Get SALT Encoding   

  12  0:00  SCV  
  13  0:13  SCV  
  14  0:23  Supply Depot  
  14  0:25  SCV  
  15  0:44  SCV  
  15  0:48  Barracks  
  16  0:53  Refinery  
  16  0:56  SCV  
  17  1:08  SCV  
  18  1:15  Barracks  
  18  1:21  SCV  
  18  1:24  Refinery  
  19  1:35  SCV  
  20  1:40  Supply Depot  
  20  1:43  Barracks Tech Lab  
  20  1:47  Orbital Command  
  20  2:03  Stimpack  
  20  2:04  Marauder  
  22  2:08  Marine  
  22  2:13  SCV  
  24  2:26  Marauder  
  27  2:34  Factory  
  27  2:35  Barracks Tech Lab  
  26  2:40  SCV  
  27  2:44  Supply Depot  
  27  2:49  Marine  
  28  2:53  SCV  
  28  2:56  Concussive Shells  
  29  3:06  Marine  
  29  3:08  Marauder  
  29  3:12  SCV, Supply Depot  
  33  3:17  Factory Reactor  
  33  3:21  Starport  
  33  3:29  Marine  
  33  3:30  Marine  
  35  3:47  Combat Shield  
  35  3:49  Marine  
  38  3:58  Marine  
  37  4:04  Supply Depot  
  37  4:05  Medivac  
  37  4:06  Medivac  
  37  4:09  Marine  
  42  4:28  Marine, Liberator  
  42  4:31  Command Center  
  43  4:32  Marine  
  43  4:36  Factory Tech Lab  
  44  4:46  Barracks  
  47  4:57  Engineering Bay  
  47  5:03  Supply Depot  
  47  5:15  Marauder, Marine  
  47  5:16  SCV  
  51  5:33  Marine  
  52  5:38  Marauder, Marine  
  49  5:50  Marine  
  49  5:55  Marine  
  37  5:58  SCV  
  37  5:59  Marine  
  39  6:09  Marauder  
  41  6:22  SCV  
  41  6:25  Barracks Tech Lab  
  41  6:34  SCV  
  40  6:46  SCV  
  9  8:08  Marine  
  9  8:12  Marine  
  11  8:26  Marine x2  
  13  8:31  Marine  
Show
View Real Time Build Order
Export as new Build Order

Schrodinger Terran 

Build Orders:  

Get SALT Encoding   

  12  0:01  SCV  
  13  0:13  SCV  
  14  0:22  Supply Depot  
  14  0:27  SCV  
  15  0:43  SCV  
  15  0:45  Refinery  
  15  0:47  Barracks  
  16  0:56  SCV  
  17  1:08  SCV  
  18  1:20  Refinery, SCV  
  18  1:22  Supply Depot  
  19  1:32  SCV  
  20  1:37  Marine  
  21  1:40  Supply Depot  
  21  1:47  SCV  
  22  1:54  Factory  
  22  1:55  Marine  
  24  2:08  SCV  
  24  2:14  Marine  
  25  2:19  Supply Depot  
  25  2:20  SCV  
  26  2:34  SCV  
  26  2:36  Marine  
  28  2:40  Factory Tech Lab  
  28  2:46  SCV  
  28  2:50  Starport  
  29  2:53  Marine  
  30  2:58  SCV  
  30  3:08  Cyclone  
  30  3:10  SCV  
  34  3:14  Supply Depot  
  34  3:16  Barracks Tech Lab  
  34  3:23  Orbital Command  
  34  3:29  Medivac  
  36  3:35  Marine  
  36  3:36  Engineering Bay  
  37  3:42  Supply Depot  
  37  3:51  Barracks  
  37  3:59  Cyclone  
  40  4:03  Starport Tech Lab  
  40  4:14  Supply Depot  
  40  4:25  Liberator  
  40  4:35  Command Center  
  43  4:50  Marine x2  
  45  5:03  Siege Tank  
  45  5:04  Factory  
  44  5:32  Marine x2  
  20  5:50  Marine x2  
  11  6:39  Command Center  
  11  6:56  Marine x2  
  13  7:14  Marine x2  
  14  7:20  Factory Tech Lab  
  14  7:29  Command Center  
  2  8:45  SCV  
  3  8:57  SCV  
  4  9:08  Marine  
  4  9:09  SCV  
  6  9:26  Marine, SCV  
  8  9:38  SCV  
  9  9:53  Factory  
  9  10:07  SCV  
Show
View Real Time Build Order
Export as new Build Order

OpuS Protoss - Winner!

Build Orders:  

Get SALT Encoding   

  12  0:01  Probe  
  13  0:13  Probe  
  14  0:20  Pylon  
  14  0:25  Probe  
  15  0:38  Probe  
  16  0:43  Gateway  
  16  0:50  Probe  
  17  1:02  Assimilator  
  17  1:06  Gateway  
  17  1:11  Probe  
  18  1:19  Probe  
  19  1:30  Cybernetics Core  
  19  1:32  Probe  
  19  1:34  Pylon  
  19  1:39  Assimilator  
  20  1:40  Probe  
  21  1:50  Probe, Warp Gate  
  22  2:00  Gateway  
  21  2:02  Probe  
  21  2:07  Stalker  
  24  2:16  Stalker  
  24  2:20  Probe  
  27  2:32  Pylon  
  27  2:37  Gateway  
  27  2:41  Sentry  
  29  2:56  Zealot  
  29  2:57  Zealot  
  33  3:02  Pylon  
  33  3:11  Gateway  
  33  3:18  Sentry  
  35  3:28  Pylon, Sentry  
  35  3:29  Sentry  
  39  3:41  Pylon  
  39  3:57  Stalker x2  
  43  4:03  Adept  
  43  4:06  Adept  
  43  4:09  Adept  
  49  4:16  Probe  
  50  4:24  Probe  
  50  4:28  Pylon  
  51  4:32  Adept  
  51  4:36  Adept  
  55  4:41  Sentry  
  57  4:47  Stalker  
  30  8:38  Probe  
  28  8:46  Probe  
  30  8:58  Probe  
  31  9:06  Probe  
  32  9:57  Nexus  
Show
View Real Time Build Order
Export as new Build Order

Sketchaphone Zerg - Winner!

Build Orders: Hatch First 

Get SALT Encoding   

  12  0:02  Drone  
  13  0:11  Drone  
  14  0:20  Overlord  
  14  0:22  Extractor  
  14  0:24  Drone  
  15  0:38  Drone  
  16  0:44  Drone  
  16  0:47  Drone  
  18  1:10  Hatchery  
  17  1:21  Spawning Pool  
  17  1:23  Drone  
  17  1:25  Drone x2, Extractor  
  18  1:56  Overlord  
  18  1:57  Drone  
  18  1:58  Drone  
  20  2:12  Drone  
  21  2:21  Zergling x2  
  22  2:26  Drone  
  22  2:29  Zergling x2  
  24  2:30  Hatchery  
  24  2:36  Queen  
  25  2:42  Zergling x2  
  26  2:47  Drone  
  27  2:52  Drone  
  27  2:54  Queen  
  30  3:03  Baneling Nest  
  29  3:09  Zergling x2  
  29  3:10  Overlord  
  29  3:12  Queen  
  32  3:17  Spore Crawler, Drone  
  32  3:21  Drone  
  32  3:24  Metabolic Boost  
  33  3:30  Drone  
  33  3:33  Evolution Chamber  
  33  3:36  Zergling x4  
  35  3:46  Queen  
  37  3:52  Zergling x10  
  42  3:56  Overlord  
  42  4:01  Drone  
  42  4:02  Drone  
  44  4:08  Zerg Ground Armor Level 1  
  44  4:10  Zergling x2  
  44  4:13  Drone  
  44  4:14  Extractor  
  44  4:15  Drone  
  46  4:38  Spore Crawler, Drone x3  
  46  4:41  Zergling x14  
  46  4:42  Zergling x2  
  56  4:59  Zergling x4  
  55  5:15  Zergling x4  
  55  5:20  Baneling x5  
  55  5:25  Baneling  
  55  5:26  Baneling x6  
  55  5:27  Overlord x3  
  33  6:06  Overlord, Spawning Pool  
  22  6:28  Hatchery  
  21  6:38  Hatchery  
  13  6:57  Baneling x6  
  13  6:59  Baneling  
  13  7:00  Baneling x3  
  13  7:18  Drone x3  
  11  7:36  Spawning Pool  
  10  7:44  Drone  
  9  7:58  Drone  
  10  7:59  Drone  
  10  8:01  Drone  
  10  8:02  Drone  
  13  8:11  Drone  
  14  8:13  Drone  
  15  8:22  Extractor  
  14  8:36  Drone x4  
  18  8:45  Queen, Drone  
  21  8:50  Drone  
  21  8:55  Drone  
  23  8:56  Drone, Extractor  
  23  9:04  Lair  
  23  9:14  Drone x2  
  25  9:28  Zergling x2  
  25  9:29  Overlord  
  25  9:30  Zergling x4  
  28  9:42  Drone  
  28  9:44  Extractor x2  
  28  9:45  Drone  
  28  10:06  Spire, Drone x6  
Tags
 
Add a new tag
Caveats
  • Supply blocks, unpowered buildings, or Contaminate may cause inaccurate times.
  • Supply counts are checked every 10 seconds.